Map: [ESL] Inside and Out

Players

SpeCial

  • Race: Terran Terran
  • Spawn Location: 1:00

eGGz - Winner!

  • Race: Zerg Zerg
  • Spawn Location: 7:00

Event: DreamHack SC2 Masters 2022 Atlanta (Online)

VOD

Have the link to the VOD?

Description

Time

  • Played on: Sept. 28, 2022, 3:45 p.m.
  • Length: 16:47

All games in this series

Show
View Real Time Build Order
Export as new Build Order

SpeCial Terran 

Build Orders: Reaper Expand, Mech 

Get SALT Encoding   

  12  0:00  SCV  
  13  0:12  SCV  
  14  0:17  Supply Depot  
  14  0:24  SCV  
  15  0:39  SCV  
  15  0:40  Barracks  
  16  0:43  Refinery  
  16  0:51  SCV  
  17  1:03  SCV  
  18  1:15  SCV  
  19  1:27  Reaper, Orbital Command  
  20  1:38  Command Center  
  20  1:49  Supply Depot  
  20  1:53  SCV  
  21  1:59  Marine  
  22  2:06  SCV  
  23  2:08  Factory  
  23  2:18  Bunker  
  23  2:20  SCV  
  23  2:22  Barracks Reactor  
  24  2:32  SCV  
  24  2:33  Refinery  
  25  2:44  SCV  
  25  2:51  Orbital Command  
  24  2:56  SCV  
  24  2:57  Hellion  
  24  2:58  Starport, Marine  
  27  3:02  Marine  
  29  3:10  Orbital Command  
  28  3:16  Bunker  
  28  3:21  Marine  
  28  3:22  Marine  
  28  3:23  SCV  
  33  3:27  Hellion  
  33  3:35  SCV  
  33  3:36  SCV  
  33  3:37  Medivac  
  37  3:45  Orbital Command  
  37  3:47  SCV  
  38  3:57  Marine  
  38  3:59  Hellion x2, SCV  
  38  4:01  Supply Depot  
  44  4:11  SCV x2  
  44  4:16  Barracks Tech Lab  
  46  4:22  Liberator  
  46  4:23  SCV  
  46  4:24  SCV, Hellion  
  53  4:25  Supply Depot  
  53  4:35  SCV  
  54  4:44  Command Center  
  54  4:47  SCV, Hellion  
  54  4:49  SCV  
  58  4:56  Marine  
  58  4:59  SCV  
  58  5:00  Supply Depot  
  58  5:05  SCV  
  54  5:08  Hellion  
  54  5:09  Hellion  
  54  5:13  Marine  
  51  5:15  SCV  
  51  5:17  SCV  
  51  5:18  Factory  
  51  5:19  Factory  
  53  5:23  Refinery  
  53  5:24  Refinery  
  53  5:25  Supply Depot  
  53  5:27  SCV  
  53  5:29  Hellion, SCV  
  53  5:33  Liberator  
  59  5:40  SCV  
  59  5:41  Barracks Tech Lab  
  59  5:42  SCV, Armory  
  61  5:44  Hellion  
  60  5:52  Supply Depot, SCV  
  60  5:54  SCV  
  62  5:59  Orbital Command  
  62  6:04  SCV  
  62  6:08  SCV  
  64  6:15  Infernal Pre-Igniter  
  64  6:16  Hellion x2, SCV  
  69  6:20  Cyclone x2  
  69  6:22  Orbital Command  
  69  6:23  SCV  
  76  6:27  Supply Depot  
  76  6:28  SCV  
  76  6:30  Terran Vehicle Weapons Level 1  
  77  6:36  SCV  
  77  6:37  Hellion x2  
  82  6:41  SCV  
  83  6:48  SCV  
  83  6:49  SCV  
  83  6:50  Supply Depot  
  83  6:52  Cyclone x2  
  83  6:53  SCV  
  92  6:57  Supply Depot  
  92  6:58  Liberator  
  92  7:00  SCV  
  96  7:01  SCV  
  96  7:05  SCV  
  96  7:07  Refinery  
  98  7:09  Refinery  
  98  7:10  Hellion x2  
  98  7:12  SCV  
  98  7:13  SCV  
  104  7:19  Factory  
  104  7:20  Supply Depot, Factory  
  104  7:21  SCV  
  104  7:22  Supply Depot  
  105  7:24  SCV  
  105  7:26  SCV  
  107  7:33  SCV  
  107  7:36  SCV  
  101  7:41  Hellion x2, Siege Tank x2  
  101  7:43  Starport Tech Lab  
  110  7:45  SCV  
  110  7:46  SCV  
  110  7:48  SCV  
  110  7:50  Mag-Field Accelerator  
  112  7:55  Supply Depot  
  112  7:58  SCV x2  
  114  8:00  SCV  
  114  8:02  Banshee  
  114  8:04  Factory Tech Lab  
  114  8:05  Factory Reactor  
  118  8:10  SCV x2  
  120  8:24  Hellion x2  
  120  8:25  Siege Tank x2  
  120  8:27  Siege Tank  
  120  8:29  SCV  
  108  8:36  SCV  
  109  8:42  Hyperflight Rotors  
  109  8:44  Hellion x2  
  109  8:46  Hellion x2  
  114  8:50  SCV  
  114  8:52  SCV x2  
  115  8:56  Supply Depot x2  
  115  8:57  Siege Tank  
  118  9:03  Command Center  
  118  9:07  Terran Vehicle Weapons Level 2  
  118  9:09  Hellion  
  120  9:10  Hellion, Siege Tank  
  116  9:22  Banshee  
  116  9:24  Hellion x3  
  118  9:25  SCV x3  
  121  9:32  Siege Tank  
  121  9:37  SCV  
  123  9:42  SCV  
  123  9:43  Siege Tank  
  109  9:49  Hellion  
  109  9:50  Engineering Bay, Hellion x2  
  109  9:52  Hellion  
  117  9:53  Hellion x2  
  117  9:55  Command Center  
  117  9:59  Supply Depot, Siege Tank  
  120  10:00  Supply Depot  
  120  10:03  SCV x2  
  120  10:06  Banshee  
  125  10:11  SCV  
  125  10:13  Hellion x3  
  126  10:17  Missile Turret  
  126  10:19  Missile Turret  
  126  10:22  Missile Turret  
  126  10:28  Hellion x2  
  132  10:34  Thor x2  
  142  10:41  Missile Turret  
  142  10:42  Armory, Cloaking Field  
  142  10:48  Hellion  
  142  10:49  Hellion x3  
  150  10:54  Banshee  
  150  10:56  Missile Turret  
  153  11:00  Supply Depot  
  153  11:01  Sensor Tower  
  153  11:03  Thor  
  147  11:06  SCV x2  
  147  11:07  SCV  
  150  11:15  Missile Turret  
  150  11:18  SCV  
  150  11:19  Hellion  
  150  11:20  Supply Depot, Hellion x2  
  150  11:22  Missile Turret  
  151  11:33  SCV  
  151  11:35  SCV  
  151  11:39  SCV  
  150  11:41  Planetary Fortress  
  150  11:44  Banshee  
  150  11:45  Thor, SCV  
  160  11:49  Siege Tank  
  160  11:51  Siege Tank  
  163  11:55  Terran Vehicle And Ship Armor Level 1  
  163  11:57  SCV  
  163  11:59  Refinery x2  
  164  12:02  Supply Depot  
  164  12:04  SCV x2  
  166  12:09  SCV  
  167  12:16  SCV x2  
  167  12:18  Hellion  
  167  12:21  SCV  
  172  12:24  Sensor Tower, Siege Tank x2  
  172  12:28  SCV x2  
  180  12:30  Supply Depot  
  180  12:42  Terran Vehicle Weapons Level 3, SCV x2  
  180  12:43  SCV, Starport Reactor  
  180  12:44  Hellion  
  179  12:45  Hellion  
  179  12:47  Hellion x2  
  161  12:54  SCV x2  
  161  12:55  SCV  
  140  13:03  Hellion  
  140  13:06  SCV x2  
  140  13:07  SCV  
  143  13:14  Missile Turret  
  143  13:18  SCV x2  
  143  13:19  SCV, Siege Tank x2  
  155  13:20  Hellion x3, Missile Turret x2, Siege Tank  
  155  13:23  Viking x2  
  165  13:30  SCV x2  
  165  13:31  SCV  
  168  13:34  SCV  
  136  13:49  Hellion x3  
  136  13:50  Hellion  
  136  13:51  Siege Tank  
  136  13:55  Viking x2  
  109  14:03  Siege Tank  
  109  14:04  Hellion, SCV  
  109  14:06  SCV  
  103  14:16  SCV  
  101  14:22  Hellion x2  
  101  14:23  Hellion, Siege Tank  
  104  14:25  Viking x2  
  104  14:28  SCV  
  106  14:39  SCV  
  106  14:40  SCV, Orbital Command  
  106  14:42  Hellion  
  106  14:43  Hellion  
  106  14:44  Hellion x2  
  119  14:45  Siege Tank x2  
  119  14:49  Missile Turret  
  122  14:53  SCV  
  122  14:55  Viking x2  
  122  14:56  Siege Tank  
  130  15:09  Command Center  
  130  15:10  Missile Turret  
  124  15:16  Orbital Command  
  124  15:17  Siege Tank  
  105  15:25  Viking, Siege Tank  
  102  15:38  SCV  
  102  15:40  Viking  
  105  15:43  Sensor Tower  
  105  15:47  Hellion  
  105  15:48  Hellion  
  109  15:50  SCV  
  110  15:58  Thor  
  116  16:06  Viking  
  116  16:07  Refinery  
  116  16:10  Viking  
  120  16:16  Hellion x2  
Show
View Real Time Build Order
Export as new Build Order

eGGz Zerg - Winner!

Build Orders: Pool First 

Get SALT Encoding   

  12  0:01  Drone  
  13  0:12  Overlord  
  13  0:16  Drone  
  14  0:31  Drone, Extractor  
  14  0:32  Drone  
  15  0:43  Spawning Pool  
  15  0:47  Drone  
  15  0:53  Drone  
  15  0:56  Drone  
  17  1:20  Hatchery  
  16  1:31  Metabolic Boost  
  16  1:32  Drone  
  17  1:35  Zergling x2  
  17  1:37  Zergling x2  
  19  1:44  Zergling x2  
  20  1:50  Queen  
  22  1:58  Overlord  
  22  2:17  Zergling x4  
  23  2:28  Zergling x2  
  23  2:29  Queen  
  26  2:34  Zergling x2  
  27  2:40  Zergling x2  
  28  2:44  Zergling x2  
  28  2:47  Zergling x2  
  28  2:49  Queen  
  30  2:55  Drone  
  31  2:59  Drone x3  
  31  3:00  Drone  
  35  3:05  Overlord  
  35  3:12  Drone  
  36  3:24  Drone x2  
  38  3:32  Hatchery  
  37  3:35  Drone x2  
  37  3:39  Overlord  
  39  3:42  Drone  
  39  3:44  Drone  
  41  3:50  Drone x2  
  43  3:57  Queen  
  43  3:59  Drone  
  45  4:04  Drone  
  45  4:06  Drone  
  45  4:07  Drone x2  
  49  4:11  Zergling x4  
  51  4:19  Drone, Evolution Chamber x2  
  51  4:20  Drone  
  51  4:21  Overlord  
  51  4:32  Overlord  
  51  4:34  Overlord  
  51  4:38  Queen x2  
  51  4:45  Zergling x6  
  58  4:52  Drone x4  
  60  5:01  Zergling x4  
  60  5:07  Drone  
  60  5:13  Drone  
  62  5:16  Drone  
  62  5:17  Zerg Ground Armor Level 1, Zerg Melee Weapons Level 1  
  62  5:18  Queen  
  62  5:19  Drone x5  
  70  5:25  Queen, Drone  
  73  5:29  Overlord  
  71  5:37  Spore Crawler  
  71  5:38  Spore Crawler  
  69  5:46  Drone x4  
  71  5:52  Lair  
  71  5:54  Drone x3  
  71  5:55  Drone, Extractor  
  71  5:56  Roach Warren, Extractor  
  72  5:57  Zergling x2  
  72  6:02  Zergling x8  
  77  6:12  Drone  
  77  6:13  Drone x3  
  77  6:14  Overlord  
  77  6:18  Baneling Nest, Drone x2  
  81  6:25  Overlord  
  81  6:31  Extractor  
  81  6:32  Extractor  
  79  6:34  Drone x7  
  79  6:36  Hatchery, Extractor  
  84  6:42  Roach x2  
  84  6:45  Roach  
  84  6:46  Roach x2  
  94  6:52  Drone x2  
  94  6:53  Glial Reconstitution  
  96  6:55  Overlord  
  96  7:01  Drone x2  
  96  7:03  Overlord x3  
  97  7:08  Overlord  
  97  7:13  Centrifugal Hooks  
  97  7:14  Overlord  
  98  7:15  Zergling x10  
  98  7:19  Zergling x2  
  102  7:28  Zergling x8  
  100  7:38  Roach  
  100  7:39  Roach x6  
  111  7:47  Zerg Missile Weapons Level 1  
  110  7:53  Zergling x8  
  110  7:56  Drone  
  110  7:57  Drone  
  116  8:01  Roach x3  
  120  8:08  Roach x6  
  132  8:16  Zergling x14  
  129  8:25  Zergling x8  
  129  8:27  Drone x2  
  117  8:34  Drone x4  
  117  8:37  Zergling x2  
  117  8:40  Ravager x4  
  118  8:44  Ravager  
  118  8:46  Ravager x3  
  121  8:49  Zergling x6  
  121  8:54  Zergling x4  
  126  9:00  Zergling x10  
  128  9:06  Zergling x8  
  119  9:16  Drone  
  119  9:17  Drone x5  
  111  9:24  Drone x6  
  111  9:28  Overlord  
  117  9:36  Drone x3  
  111  9:38  Infestation Pit  
  111  9:39  Hydralisk Den  
  106  9:47  Drone x3  
  106  9:48  Drone x3  
  106  9:52  Spore Crawler, Overseer  
  111  9:55  Drone x3  
  111  9:56  Drone  
  115  10:06  Zergling x8  
  119  10:09  Hatchery  
  119  10:10  Baneling x7  
  118  10:15  Hive  
  118  10:16  Grooved Spines  
  118  10:17  Drone x2, Overlord  
  118  10:18  Drone  
  118  10:19  Drone  
  122  10:26  Baneling x2  
  122  10:27  Baneling x6  
  122  10:29  Spine Crawler  
  122  10:30  Extractor x2, Spine Crawler  
  118  10:37  Drone x2  
  118  10:38  Drone x2  
  118  10:39  Drone x2  
  118  10:41  Zerg Missile Weapons Level 2  
  118  10:42  Hydralisk x2  
  124  10:47  Zergling x12  
  134  10:55  Overlord  
  132  11:08  Overlord x2  
  132  11:09  Hydralisk x7  
  145  11:12  Overseer x2  
  134  11:37  Viper x3  
  134  11:39  Zergling x32  
  159  11:46  Drone x3  
  159  12:00  Baneling x22  
  159  12:01  Zergling x2  
  159  12:02  Zergling x22  
  171  12:10  Spore Crawler  
  171  12:11  Drone x3  
  171  12:12  Spore Crawler, Spine Crawler  
  171  12:18  Extractor  
  171  12:19  Extractor  
  169  12:25  Overlord  
  169  12:26  Hydralisk x5  
  173  12:50  Hydralisk x8  
  157  12:53  Spire  
  157  12:57  Zergling x10  
  157  12:58  Zergling x2  
  138  13:09  Hydralisk x5  
  148  13:16  Zerg Missile Weapons Level 3  
  148  13:19  Baneling x4  
  148  13:20  Baneling x5  
  148  13:21  Baneling  
  148  13:24  Hydralisk  
  148  13:25  Zergling x2  
  151  13:28  Muscular Augments  
  151  13:37  Zergling x14  
  143  13:53  Hydralisk x6  
  143  13:55  Drone  
  134  14:04  Hydralisk x3  
  128  14:11  Hydralisk x2  
  128  14:22  Hydralisk x4  
  118  14:29  Roach x3  
  122  14:38  Drone x7  
  129  14:47  Hydralisk x4  
  137  14:55  Viper x3  
  137  14:56  Viper  
  149  15:01  Roach x3  
  155  15:08  Roach x4  
  151  15:25  Viper  
  151  15:26  Viper x4  
  154  15:30  Overlord  
  154  15:40  Zergling x26  
  167  15:47  Drone  
  168  15:58  Hatchery  
  168  15:59  Hydralisk x6  
  179  16:04  Baneling x4  
  179  16:05  Baneling x9  
  179  16:08  Baneling x6  
  179  16:13  Hydralisk x2  
  179  16:18  Zergling x8  
  187  16:26  Zergling x6  
Tags
 
Add a new tag
Caveats
  • Supply blocks, unpowered buildings, or Contaminate may cause inaccurate times.
  • Supply counts are checked every 10 seconds.